 Dungeon Crawl Stone Soup version 0.30-a0-772-g5528072125 (webtiles) character file.

Game seed: 18119369130388480228

106 pokeman the Magician (level 4, -3/25 HPs)
             Began as a Deep Elf Hedge Wizard on Feb 12, 2023.
             Killed by nerve-wracking pain
             ... invoked by an orc priest
              (11 damage)
             ... on level 3 of the Dungeon.
             The game lasted 00:03:53 (2916 turns).

pokeman the Magician (Deep Elf Hedge Wizard)        Turns: 2916, Time: 00:03:54

Health: -3/25      AC:  5    Str:  7    XL:     4   Next: 55%
Magic:  0/13       EV: 12    Int: 21    God:
Gold:   38         SH:  0    Dex: 14    Spells: 6/14 levels left

rFire   . . .      SeeInvis .    j - +0 dagger (elec)
rCold   . . .      Faith    .    (no shield)
rNeg    . . .      Spirit   .    b - +0 robe
rPois   .          Reflect  .    a - +0 helmet
rElec   .          Harm     .    l - +1 cloak {Stlth+}
rCorr   .          Rampage  .    (no gloves)
Will    .....                    (no boots)
Stlth   +++                      (no amulet)
HPRegen 0.24/turn                (no ring)
MPRegen 0.13/turn                (no ring)

@: no status effects
A: no striking features
a: no special abilities


You were on level 3 of the Dungeon.
You visited 1 branch of the dungeon, and saw 3 of its levels.

You collected 38 gold pieces.

Inventory:

Hand Weapons
 j - a +0 dagger of electrocution (weapon)
Missiles
 h - 4 curare-tipped darts
Armour
 a - a +0 helmet (worn)
 b - a +0 robe (worn)
 l - a +1 cloak of stealth (worn)
Wands
 p - a wand of polymorph (5)
Scrolls
 e - a scroll of magic mapping {unknown}
 g - a scroll of immolation {unknown}
 i - 2 scrolls of identify {unknown}
 r - a scroll of teleportation {unknown}
 s - a scroll of enchant armour {unknown}
Potions
 c - 2 potions of ambrosia {unknown}
 d - 2 potions of magic
 f - 2 potions of attraction {unknown}
 k - a potion of curing {unknown}
 m - a potion of degeneration {unknown}
 n - a potion of invisibility {unknown}
 o - 2 potions of haste {unknown}
 q - a potion of lignification {unknown}


   Skills:
 - Level 1.1 Fighting
 - Level 1.1 Armour
 + Level 2.7 Dodging
 + Level 2.7 Stealth
 * Level 5.7 Spellcasting
 + Level 2.2 Conjurations
 - Level 1.1 Summonings
 - Level 1.1 Translocations


You had 6 spell levels left.
You knew the following spells:

 Your Spells              Type           Power      Damage    Failure   Level
a - Magic Dart            Conj           60%        1d6       4%          1
b - Mephitic Cloud        Conj/Pois/Air  9%         N/A       22%         3
c - Call Imp              Summ           10%        N/A       10%         2
d - Blink                 Tloc           20%        N/A       10%         2

Your spell library contained the following spells:

 Spells                   Type           Power      Damage    Failure   Level
 Necrotise                Necr           24%        1d5       10%         1
 Slow                     Hex            24%        N/A       10%         1
 Cigotuvi's Dreadful Rot  Necr/Pois/Air  12%        N/A       16%         2
 Ignite Poison            Fire/Tmut/Pois 6%         N/A       30%         3
 Vampiric Draining        Necr           6%         2d6       30%         3
 Sticky Flame             Conj/Fire      10%        2d3       54%         4
 Agony                    Necr           6%         N/A       95%         5
 Ignition                 Fire           3%         3d4       100%        8


Dungeon Overview and Level Annotations

Branches:
Dungeon (3/15)

Altars:


Message History

Casting: Magic Dart (safe; 4% risk of failure)
Confirm with . or Enter, or press ? or * to list all spells.
Aiming: Magic Dart (safe; 4% risk of failure)
Press: ? - help, Shift-Dir - straight line, f/p - orc priest
Aim: an orc priest, wielding a +0 short sword and wearing a +0 leather armour (severely wounded, confused, 100% to hit)
The magic dart hits the orc priest but does no damage.
The orc priest is severely wounded.
Casting: Magic Dart (safe; 4% risk of failure)
Confirm with . or Enter, or press ? or * to list all spells.
Aiming: Magic Dart (safe; 4% risk of failure)
Press: ? - help, Shift-Dir - straight line, f/p - orc priest
Aim: an orc priest, wielding a +0 short sword and wearing a +0 leather armour (severely wounded, confused, 100% to hit)
The magic dart hits the orc priest.
The orc priest is severely wounded.
Your magical contamination has completely faded away.
The orc priest seems less confused.
The orc priest mumbles some strange prayers to Beogh against you.
Pain shoots through your body!
The orc priest hits you with a +0 short sword.
* * * LOW HITPOINT WARNING * * *
You hit the orc priest but do no damage.
The orc priest is severely wounded.
The orc priest casts a cantrip, but nothing happens.
You hit the orc priest.
The orc priest is almost dead.
The orc priest barely misses you.
Casting: Magic Dart (safe; 4% risk of failure)
Confirm with . or Enter, or press ? or * to list all spells.
Aiming: Magic Dart (safe; 4% risk of failure)
Press: ? - help, Shift-Dir - straight line, f/p - orc priest
Aim: an orc priest, wielding a +0 short sword and wearing a +0 leather armour (almost dead, 100% to hit)
The magic dart hits the orc priest.
The orc priest is almost dead.
The orc priest calls down the wrath of Beogh upon you.
You barely resist.
You hit the orc priest but do no damage.
The orc priest is almost dead.
The orc priest invokes the aid of Beogh against you.
Pain shoots through your body!
You die...

......>..>....#
#...............#
#.......).......#
#[..............#
#...............# .
#...........#)..# ..
..###...........#..[#
.......'...............#
.... #.o@............#
.....###......<........#
...............).......#
...........########.####
..................#.#
..................#.#######
...........................
..................#.......#
..................#..####.#


You could see an orc priest.

Vanquished Creatures
  Robin (D:2)
  2 adders (D:2)
  2 orcs (D:3)
  4 bats
  4 endoplasms (D:1)
  5 giant cockroaches
  5 hobgoblins
  8 kobolds
  A quokka (D:2)
  7 ball pythons
  8 frilled lizards
  9 goblins
  4 rats
60 creatures vanquished.

Vanquished Creatures (collateral kills)
  A bat (D:2)
  6 goblins (D:2)
  2 hobgoblins (D:2)
9 creatures vanquished.

Grand Total: 69 creatures vanquished

Notes
Turn   | Place    | Note
-------+----------+-------------------------------------------
     0 | D:1      | pokeman the Deep Elf Hedge Wizard began the quest for the
                  | Orb.
     0 | D:1      | Reached XP level 1. HP: 10/10 MP: 7/7
   110 | D:1      | Reached XP level 2. HP: 15/15 MP: 3/9
   667 | D:1      | Reached skill level 5 in Spellcasting
   865 | D:1      | Reached XP level 3. HP: 20/20 MP: 8/11
   869 | D:1      | Learned a level 3 spell: Mephitic Cloud
   872 | D:1      | Learned a level 2 spell: Call Imp
   875 | D:1      | Learned a level 2 spell: Blink
  1107 | D:2      | Reached skill level 1 in Fighting
  1107 | D:2      | Reached skill level 1 in Armour
  1194 | D:2      | Noticed Robin
  1200 | D:2      | Killed Robin
  1507 | D:2      | Reached XP level 4. HP: 25/25 MP: 10/13
  2312 | D:3      | Found a faded altar of an unknown god.
  2916 | D:3      | Killed from afar by an orc priest

Illustrated notes

Levels and vault maps discovered:
D:1:      psy_arrival_basics, layout_rooms
D:2:      layout_basic, minmay_pentomino_pile, uniq_robin
D:3:      layout_basic, chequers_ecumenical_altar_island

Skill      XL: |  1  2  3 |
---------------+----------+-----
Spellcasting   | 5 |  5.7
Fighting       | 1 |  1.1
Armour         | 1 |  1.1
Conjurations   | 2 |  2.2
Dodging        | |  2.7
Stealth        | |  2.7
Summonings     | |  1.1
Translocations | |  1.1

Action                     |  1- 3 |  4- 6 || total
---------------------------+-------+-------++-------
  Melee: Dagger            |    10 |     5 ||    15
   Cast: Magic Dart        |    94 |    47 ||   141
         Mephitic Cloud    |     1 |     2 ||     3
         Call Imp          |     1 |       ||     1
   Stab: Confused          |     1 |       ||     1
 Armour: Robe              |       |     1 ||     1
  Dodge: Dodged            |    17 |     5 ||    22

Table legend: (Time is in decaauts)
 A = Elapsed time spent in this place.
 B = Non-inter-level travel time spent in this place.
 C = Inter-level travel time spent in this place.
 D = Time resting spent in this place.
 E = Time spent auto-exploring this place.
 F = Levels seen in this place.
 G = Mean time per level.
                   A        B        C        D        E       F      G
               +--------+--------+--------+--------+--------+-----+--------+
         Total |   2919 |   2882 |     37 |    177 |   2351 |   3 |  973.0 |
       Dungeon |   2919 |   2882 |     37 |    177 |   2351 |   3 |  973.0 |
               +--------+--------+--------+--------+--------+-----+--------+

Top non-repeatable levels by time:
     D:2: 1340 daAuts
     D:1: 989 daAuts
     D:3: 589 daAuts
